 Dungeon Crawl Stone Soup version 0.28-a0-1415-g7c84da036a (webtiles) character file.

Game seed: 4467527432059787114

114 croobank the Ducker (level 4, -5/34 HPs)
             Began as a Demonspawn Gladiator on Jan 8, 2022.
             Killed from afar by Sigmund (8 damage)
             ... with a puff of flame
             ... on level 3 of the Dungeon.
             The game lasted 00:09:40 (2284 turns).

croobank the Ducker (Demonspawn Gladiator)          Turns: 2284, Time: 00:09:41

Health: -5/34      AC:  8    Str: 15    XL:     4   Next: 67%
Magic:  4/4        EV:  8    Int: 11    God:
Gold:   61         SH:  0    Dex: 14    Spells: 3/3 levels left

rFire   . . .      SeeInvis .   a - +0 war axe
rCold   . . .      Faith    .   (no shield)
rNeg    . . .      Spirit   .   i - +0 ring mail
rPois   .          Reflect  .   (helmet restricted)
rElec   .          Harm     .   m - +2 cloak
rCorr   .          Rampage  .   (no gloves)
Will    .....                   (no boots)
Stlth   +.........              (no amulet)
HPRegen 0.11/turn               (no ring)
MPRegen 0.09/turn               (no ring)

@: constricted
A: horns 1, weakness stinger 2
a: no special abilities


You were on level 3 of the Dungeon.
You visited 1 branch of the dungeon, and saw 3 of its levels.

You collected 61 gold pieces.

Inventory:

Hand Weapons
 a - a +0 war axe (weapon)
 g - a +3 flail
 p - a +0 whip
Missiles
 c - 109 stones
 d - 3 throwing nets
 e - 21 arrows
 k - 23 bolts
 n - 25 sling bullets
 q - 14 poisoned darts (quivered)
Armour
 b - a +0 leather armour
 i - a +0 ring mail (worn)
 m - a +2 cloak (worn)
Scrolls
 f - 2 scrolls of identify
 h - a scroll of fear {unknown}
 l - 3 scrolls of brand weapon
 o - a scroll of teleportation {unknown}
Potions
 j - a potion of degeneration {unknown}
 r - a potion of mutation {unknown}


   Skills:
 + Level 2.9 Fighting
 + Level 3.3 Axes
 + Level 2.6 Throwing
 + Level 3.4 Dodging


You had 3 spell levels left.
You didn't know any spells.
Your spell library contained the following spells:

 Spells                   Type           Power      Damage    Failure   Level
 Sting                    Tmut/Pois      0%         1d3       56%         1


Dungeon Overview and Level Annotations

Branches:
Dungeon (3/15)

Altars:

Shops:
D:1 !

Annotations:
D:3 Sigmund


Innate Abilities, Weirdness & Mutations

You have a pair of small horns on your head.
You have a tail ending in a sharp stinger.


Message History

The ball python grabs you. The ball python constricts you.
You barely miss Sigmund.
Your tail-slap misses Sigmund.
Sigmund is moderately wounded.
You barely miss the ball python. The bat hits you but does no damage.
Sigmund zaps a wand.
The puff of flame misses you.
The puff of flame misses the bat.
The ball python bites you but does no damage.
The ball python constricts you. Sigmund hits you but does no damage.
You barely miss Sigmund.
Sigmund is moderately wounded.
You miss the frilled lizard. You barely miss the ball python.
The bat barely misses you. The bat hits you.
The ball python bites you but does no damage.
The ball python constricts you. The frilled lizard barely misses you.
The ball python closely misses you. The ball python constricts you.
Sigmund barely misses you.
You closely miss Sigmund. Your headbutt misses Sigmund.
Sigmund is moderately wounded.
You hit the ball python. You hit the frilled lizard.
You kill the frilled lizard!
The bat completely misses you. The ball python barely misses you.
The ball python constricts you. Sigmund gestures at you while chanting.
The puff of flame hits you! The ball python barely misses you.
The ball python constricts you.
You slash Sigmund!
Sigmund is heavily wounded.
You hit the bat. You barely miss the ball python.
The bat hits you but does no damage. The bat barely misses you. x2
The ball python barely misses you. The ball python constricts you.
Sigmund zaps a wand.
The puff of flame hits you!
* * * LOW HITPOINT WARNING * * *
As you read the scroll labelled CEGIBEOBUEL, it crumbles to dust.
It is a scroll of identify.
l - 3 scrolls of brand weapon The bat hits you but does no damage.
The ball python barely misses you. The ball python constricts you.
Sigmund points at you and mumbles some strange words.
The puff of flame hits you!
You die...

#.........#
#.........#
#.........#
##.######## .
#.# ..
#.########...
#)...........
#>..†.†......
#....@@......
#...b.S...###
#............
#............
.......####...
#......## #.
#.....##
#....#


You could see Sigmund, a bat and a ball python.

Vanquished Creatures
  An orc wizard (D:2)
  A gnoll (D:1)
  2 adders (D:2)
  2 dart slugs
  3 orcs (D:2)
  7 endoplasms
  2 giant cockroaches (D:3)
  7 goblins
  8 hobgoblins
  A kobold (D:2)
  A quokka (D:1)
  5 ball pythons
  4 bats
  2 frilled lizards (D:3)
  4 rats
50 creatures vanquished.

Vanquished Creatures (others)
  2 fungi (D:3)
  A plant (D:3)
3 creatures vanquished.

Grand Total: 53 creatures vanquished

Notes
Turn   | Place    | Note
-------+----------+-------------------------------------------
     0 | D:1      | croobank the Demonspawn Gladiator began the quest for the
                  | Orb.
     0 | D:1      | Reached XP level 1. HP: 16/16 MP: 1/1
   272 | D:1      | Discovered your monstrous ancestry.
   272 | D:1      | Gained mutation: You have a small tail. [demonic ancestry]
   272 | D:1      | Reached XP level 2. HP: 22/22 MP: 2/2
   473 | D:1      | Found Mirudgh's Distillery.
   896 | D:1      | Gained mutation: You have a pair of small horns on your
                  | head. [demonic ancestry]
   896 | D:1      | Reached XP level 3. HP: 28/28 MP: 3/3
  1764 | D:2      | Gained mutation: You have a tail ending in a sharp stinger.
                  | [demonic ancestry]
  1764 | D:2      | Reached XP level 4. HP: 29/34 MP: 4/4
  2184 | D:3      | Found a faded altar of an unknown god.
  2190 | D:3      | Got Plato's Papyrus of Contamination
  2274 | D:3      | Noticed Sigmund
  2284 | D:3      | Killed from afar by Sigmund

Illustrated notes

Levels and vault maps discovered:
D:1:      dpeg_arrival_rooms_with_view, layout_basic, serial_shops,
          nicolae_square_shop
D:2:      layout_rooms, eino_curves_03
D:3:      layout_basic, yredelemnul_forgotten_temple_becter,
          shapermc_ecumenical_altar_rom_forum,
          wander_ebering_terrifying_dragon_lair, uniq_grinder, uniq_sigmund

Skill      XL: |  1  2 |
---------------+-------+-----
Throwing       | 2 |  2.6
Axes           | 3 |  3.3
Dodging        | 3 |  3.4
Fighting       | |  2.9

Action                   |  1- 3 |  4- 6 || total
-------------------------+-------+-------++-------
Melee: War axe           |    73 |    41 ||   114
       Punch             |     3 |       ||     3
       Tailslap          |     2 |     6 ||     8
       Headbutt          |     3 |     7 ||    10
Throw: Dart              |       |     2 ||     2
  Use: Potion            |       |     3 ||     3
       Scroll            |       |     1 ||     1
 Stab: Sleeping          |     2 |     1 ||     3
Armor: Leather armour    |    27 |    14 ||    41
       Ring mail         |       |    18 ||    18
Dodge: Dodged            |    66 |    21 ||    87

Table legend: (Time is in decaauts)
 A = Elapsed time spent in this place.
 B = Non-inter-level travel time spent in this place.
 C = Inter-level travel time spent in this place.
 D = Time resting spent in this place.
 E = Time spent auto-exploring this place.
 F = Levels seen in this place.
 G = Mean time per level.
                   A        B        C        D        E       F      G
               +--------+--------+--------+--------+--------+-----+--------+
         Total |   2324 |   2259 |     65 |    641 |   1013 |   3 |  774.7 |
       Dungeon |   2324 |   2259 |     65 |    641 |   1013 |   3 |  774.7 |
               +--------+--------+--------+--------+--------+-----+--------+

Top non-repeatable levels by time:
     D:1: 1260 daAuts
     D:2: 940 daAuts
     D:3: 123 daAuts
